 Dungeon Sprint DCSS version 0.26-a0-651-gb41185065b (webtiles) character file.

Game seed: 9334175389861045043

1447 Apogee the Geomancer (level 8, 0/54 HPs)
             Began as a Gargoyle Earth Elementalist on Oct 5, 2020.
             Was a High Priest of Vehumet.
             Slain by a flying skull (3 damage)
             ... summoned by a mummy priest
             ... in the Dungeon (Sprint V: "Ziggurat Sprint").
             The game lasted 00:06:07 (646 turns).

Apogee the Geomancer (Gargoyle Earth Elementalist)   Turns: 646, Time: 00:06:08

Health: 0/54       AC:  7    Str: 14    XL:     8   Next: 75%
Magic:  22/24      EV: 12    Int: 31    God:    Vehumet [*****.]
Gold:   0          SH:  8    Dex: 10    Spells: 16/31 levels left

rFire    . . .     SeeInvis .   B - +7 dagger "Jyleg" {freeze, rElec Str+3}
rCold    . . .     Faith    .   y - +3 buckler
rNeg     + . .     Spirit   .   u - +0 robe
rPois    ∞         Reflect  .   (no helmet)
rElec    +         Harm     .   (no cloak)
rCorr    .         Rampage  .   (no gloves)
MR       .....     NoTele   +   (no boots)
Stlth    ++........             (no amulet)
HPRegen  0.18/turn              l - +6 ring of intelligence
MPRegen  0.19/turn              z - +6 ring of intelligence

@: slowed, very slow
A: negative energy resistance 1, electricity resistance, unbreathing,
petrification resistance, rot immunity, AC +5
a: Renounce Religion


You were in the Dungeon.
You worshipped Vehumet.
Vehumet was extremely pleased with you.
You visited 1 branch

Inventory:

Hand Weapons
 w - a +5 quick blade
   (You found it in the Dungeon)
 A - the +5 mace of the Onslaught {vorpal, MP+9 Str+3}
   (You found it in the Dungeon)

   It inflicts extra damage upon your enemies.
   It affects your strength (+3).
   It affects your magic capacity (+9).
 B - the +7 dagger "Jyleg" (weapon) {freeze, rElec Str+3}
   (You found it in the Dungeon)

   It has been specially enchanted to freeze those struck by it, causing extra
   injury to most foes and up to half again as much damage against particularly
   susceptible opponents.
   It can also slow down cold-blooded creatures.
   It affects your strength (+3).
   It insulates you from electricity.
Missiles
 b - 14 stones (quivered)
Armour
 u - a +0 robe (worn)
 y - a +3 buckler (worn)
   (You found it in the Dungeon)
Jewellery
 l - a +6 ring of intelligence (left hand)
   (You found it in the Dungeon)
 t - an uncursed ring of flight
   (You found it in the Dungeon)
 z - a +6 ring of intelligence (right hand)
   (You found it in the Dungeon)
Wands
 c - a wand of disintegration (7)
   (You found it in the Dungeon)
 d - a wand of iceblast (3)
   (You found it in the Dungeon)
 x - a wand of acid (3)
   (You found it in the Dungeon)
Scrolls
 i - 4 scrolls of blinking
 o - 4 scrolls of amnesia
 p - 7 scrolls of fog
 q - 5 scrolls of identify {@r1}
 r - 5 scrolls of remove curse {@r2}
 s - 2 scrolls of fear
Potions
 a - 2 potions of brilliance
 e - 10 potions of heal wounds {@q2}
 f - 10 potions of haste {@q3}
 g - 7 potions of magic
 h - 3 potions of berserk rage
 j - 2 potions of invisibility
 k - 4 potions of resistance
 m - 5 potions of stabbing
 n - 5 potions of might
 v - 10 potions of curing {@q1}
Miscellaneous
 C - a box of beasts (3/3)
   (You found it in the Dungeon)
 D - a phial of floods
   (You found it in the Dungeon)
 E - a phantom mirror
   (You found it in the Dungeon)
 F - a lightning rod (4/4) {!a}
   (You found it in the Dungeon)


   Skills:
 + Level 7.7 Fighting
 - Level 1.5 Dodging
 - Level 2.1 Stealth
 - Level 4.9 Shields
 * Level 12.1 Spellcasting
 - Level 0.7 Transmutations
 + Level 13.0 Earth Magic


You had 16 spell levels left.
You knew the following spells:

 Your Spells              Type           Power        Failure   Level
a - Sandblast             Erth           ######       0%          1
b - Petrify               Tmut/Erth      ######..     1%          4
c - Lee's Rapid Deconstr  Erth           #######...   1%          5
q - Passwall              Tmut/Erth      ######..     1%          2
x - Stone Arrow           Conj/Erth      ######       1%          3

Your spell library contained the following spells:

 Spells                   Type           Power        Failure   Level
 Dazzling Flash           Conj/Hex       ###...       2%          3
 Summon Small Mammal      Summ           ###.         2%          1
 Frozen Ramparts          Ice            ###...       2%          3
 Hailstorm                Conj/Ice       ###.....     7%          4
 Ice Form                 Ice/Tmut       ###.....     22%         4
 Summon Ice Beast         Ice/Summ       ###.....     26%         4
 Shadow Creatures         Summ           N/A          99%         6
 Simulacrum               Ice/Necr       ###.......   99%         6
 Malign Gateway           Summ/Tloc      ###.......   100%        7


Dungeon Overview and Level Annotations

Branches:
Dungeon (1/1)

Altars:
Ashenzari
Cheibriados
Dithmenos
Elyvilon
Fedhas
Gozag
Hepliaklqana
Kikubaaqudgha
Makhleb
Nemelex Xobeh
Okawaru
Qazlal
Ru
Sif Muna
Trog
Uskayaw
Vehumet
Wu Jian
Xom
Yredelemnul
Zin
The Shining One
Beogh
Jiyva
Lugonu


Innate Abilities, Weirdness & Mutations

You are resistant to torment.
Your stone body is resilient. (AC +5)
You are immune to poison.
You resist negative energy. (rN+)
You are resistant to electric shocks. (rElec)
You can survive without breathing.
You are immune to petrification.
You are immune to rotting.


Message History

The freezing wraith is splashed with acid.
The bolt of acid hits the mummy priest!
The mummy priest is splashed with acid.
The acid corrodes the mummy priest!
The mummy priest prays to its god.
The freezing wraith hits you! The freezing wraith freezes you!
The freezing wraith hits you but does no damage.
There's nothing to close nearby.
Unknown command.
Aim: a mummy priest (severely damaged, covered in acid)
The bolt of acid misses the freezing wraith.
The bolt of acid hits the mummy priest!
The mummy priest is splashed with acid!
The spectral adder bites you but does no damage.
The phantasmal warrior blinks!
The freezing wraith hits you!
* * * LOW HITPOINT WARNING * * *
The freezing wraith freezes you!
* * * LOW HITPOINT WARNING * * *
The freezing wraith hits you!
* * * LOW HITPOINT WARNING * * *
The freezing wraith drains your vigour!
You feel yourself slow down.
Aim: a mummy priest (almost destroyed, covered in acid)
The bolt of acid misses the flying skull.
The bolt of acid hits the mummy priest!
The mummy priest is splashed with acid.
You destroy the mummy priest!
Vehumet accepts your kill.
The freezing wraith disappears in a puff of smoke!
The giant cockroach simulacrum disappears in a puff of smoke!
The giant cockroach zombie disappears in a puff of smoke!
The phantasmal warrior disappears in a puff of smoke!
The freezing wraith disappears in a puff of smoke!
Your Fighting skill gained 2 levels and is now at level 7!
Your Spellcasting skill gained 2 levels and is now at level 12!
Your Earth Magic skill gained 2 levels and is now at level 13!
You have reached level 8!
You feel clever.
You feel extremely nervous for a moment...
You feel very uncomfortable. The flying skull closely misses you.
You block the spectral adder's attack. The flying skull barely misses you.
The spectral adder bites you.
* * * LOW HITPOINT WARNING * * *
Aim: a mummy (lightly damaged)
The bolt of acid hits the guardian mummy!
The guardian mummy is splashed with acid.
The acid corrodes the guardian mummy!
The bolt of acid hits the flying skull.
The flying skull is splashed with acid.
The acid corrodes the flying skull!
The bolt of acid hits the mummy!
The mummy is splashed with acid.
The acid corrodes the mummy!
The flying skull hits you but does no damage.
You block the spectral adder's attack. The flying skull hits you.
You die...

▓..)[...▓
▓§.!)[..▓
▓.......▓
▓...§§..▓
▓.§MM...▓
▓..§z...▓
▓..ZMz..▓
▓...@z..▓
▓▓▓▓▓▓▓▓▓


You could see a mummy priest, a guardian mummy (corroded), a spectral adder
(summoned), 3 flying skulls and a mummy (corroded).

Vanquished Creatures
  A mummy priest (D)
  A naga (D)
  A hell hound (D)
  A porcupine (D)
  5 scorpions (D)
  A crimson imp (D)
  A quasit (D)
  A mummy (D)
  2 river rats (D)
  A white imp (D)
  An ufetubus (D)
  A jackal (D)
  3 ball pythons (D)
20 creatures vanquished.

Notes
Turn   | Place    | Note
-------+----------+-------------------------------------------
     0 | D        | Apogee the Gargoyle Earth Elementalist began the quest for
                  | the Orb.
     0 | D        | Reached XP level 1. HP: 10/10 MP: 3/3
     0 | D        | Found a shimmering blue altar of Sif Muna.
     0 | D        | Found a sacrificial altar of Ru.
     0 | D        | Found a bloodstained altar of Trog.
     0 | D        | Found a stormy altar of Qazlal.
     0 | D        | Found an iron altar of Okawaru.
     0 | D        | Found a sparkling altar of Nemelex Xobeh.
     0 | D        | Found a blossoming altar of Fedhas.
     1 | D        | Found the +6 Majin-Bo {vamp, MP+6 Int+6}
     1 | D        | Found the +9 heavy crossbow "Sniper" {vorpal, Acc+∞ SInv}
     1 | D        | Found the +10 dark maul {vorpal}
     1 | D        | Found the +15 Maxwell's patent armour {-Cast -Tele rElec
                  | MR+ rCorr}
     1 | D        | Found the +18 shield of the Gong {rElec rN+ MR+ EV-5}
     1 | D        | Found the cursed +14 obsidian axe {vorpal, +Fly SInv
                  | *Curse}
     1 | D        | Found the +7 great mace "Firestarter" {inner flame, rF++}
     1 | D        | Found the +6 shillelagh "Devastator" {shatter}
     1 | D        | Found the +11 plutonium sword {*Contam Stlth-}
     1 | D        | Found the +8 lance "Wyrmbane" {slay drac, rPois rF+ rC+
                  | AC+3}
     1 | D        | Found the +9 sword of Zonguldrok {reap}
     1 | D        | Found the cursed +13 scythe of Curses {drain, *Curse}
     1 | D        | Found the +0 sword of Power
     1 | D        | Found the +7 mace of Variability {chain chaos}
     1 | D        | Found the +7 Singing Sword {vorpal, sonic wave}
     1 | D        | Found the +8 storm bow {elec, penet}
     2 | D        | Found a transporter.
     2 | D        | Found an ancient bone altar of Kikubaaqudgha.
     2 | D        | Found a viscous altar of Jiyva.
     2 | D        | Found a corrupted altar of Lugonu.
     2 | D        | Found a hazy altar of Hepliaklqana.
     2 | D        | Found a burning altar of Makhleb.
     2 | D        | Found an opulent altar of Gozag.
    50 | D        | Reached skill level 5 in Earth Magic
    50 | D        | Reached XP level 2. HP: 15/15 MP: 3/7
   101 | D        | Became a worshipper of Vehumet
   144 | D        | Entered arena 2.
   144 | D        | Noticed a scorpion
   144 | D        | Noticed a scorpion
   144 | D        | Found a transporter.
   146 | D        | Killed a scorpion
   146 | D        | Reached skill level 5 in Spellcasting
   146 | D        | Reached skill level 6 in Earth Magic
   146 | D        | Reached XP level 3. HP: 19/19 MP: 6/10
   150 | D        | Killed a scorpion
   150 | D        | Reached skill level 8 in Earth Magic
   150 | D        | Reached XP level 4. HP: 24/24 MP: 2/12
   155 | D        | Got the +5 mace of the Onslaught {vorpal, MP+9 Str+3}
   266 | D        | Learned a level 4 spell: Petrify
   270 | D        | Learned a level 3 spell: Stone Arrow
   272 | D        | Entered arena 3.
   272 | D        | Found a transporter.
   277 | D        | Reached * piety under Vehumet
   277 | D        | Offered knowledge of Freeze by Vehumet.
   277 | D        | Reached skill level 9 in Earth Magic
   277 | D        | Reached XP level 5. HP: 28/28 MP: 8/14
   287 | D        | Reached skill level 10 in Earth Magic
   287 | D        | Reached XP level 6. HP: 32/32 MP: 5/17
   293 | D        | Got Gulyob's Handbook of the Frostbite
   301 | D        | Learned a level 5 spell: Lee's Rapid Deconstruction
   388 | D        | Entered arena 4.
   388 | D        | Noticed a naga
   388 | D        | Found a transporter.
   392 | D        | Reached ** piety under Vehumet
   395 | D        | Killed a naga
   401 | D        | Got the +7 dagger "Jyleg" {freeze, rElec Str+3}
   474 | D        | Entered arena 5.
   474 | D        | Noticed a porcupine
   474 | D        | Found a transporter.
   476 | D        | Offered knowledge of Foxfire by Vehumet.
   476 | D        | Reached skill level 11 in Earth Magic
   477 | D        | Killed a porcupine
   477 | D        | Reached *** piety under Vehumet
   477 | D        | Reached XP level 7. HP: 34/43 MP: 13/20
   484 | D        | Got the Reference Book on the Evil Entourage
   546 | D        | Entered arena 6.
   546 | D        | Found a transporter.
   548 | D        | Reached **** piety under Vehumet
   550 | D        | Reached skill level 10 in Spellcasting
   552 | D        | Reached skill level 5 in Fighting
   632 | D        | Learned a level 2 spell: Passwall
   638 | D        | Entered arena 7.
   638 | D        | Noticed a flying skull
   638 | D        | Noticed a guardian mummy
   638 | D        | Noticed a mummy priest
   638 | D        | Noticed a mummy priest
   640 | D        | Noticed a freezing wraith
   640 | D        | Offered knowledge of Dazzling Flash by Vehumet.
   641 | D        | Noticed a phantasmal warrior
   641 | D        | Noticed a freezing wraith
   644 | D        | Noticed a flying skull
   644 | D        | Noticed a flying skull
   645 | D        | Killed a mummy priest
   645 | D        | Reached ***** piety under Vehumet
   645 | D        | Reached skill level 13 in Earth Magic
   645 | D        | Reached XP level 8. HP: 5/54 MP: 22/24
   646 | D        | Slain by a flying skull

Illustrated notes

Levels and vault maps discovered:
D:        sprint_v [room_start, room_1, room_2, room_3, room_4, room_5, room_6,
          room_7, room_8, room_9, room_10, room_11, room_12, room_13, room_14,
          room_15, room_16, room_17, room_18, room_19, room_20, room_21,
          room_22, room_23, room_24, room_25, room_26, room_27]

Skill      XL: |  1  2  3  4  5  6  7 |
---------------+----------------------+-----
Shields        | 4 |  4.9
Spellcasting   | 4 5 6 7 8 9 12 | 12.1
Earth Magic    | 5 6 8 9 10 11 13 | 13.0
Fighting       | 4 7 |  7.7
Dodging        | |  1.5
Stealth        | |  2.1
Transmutations | |  0.7

Action                   |  1- 3 |  4- 6 |  7- 9 || total
-------------------------+-------+-------+-------++-------
Melee: Mace              |       |     4 |       ||     4
 Cast: Sandblast         |     5 |     8 |     3 ||    16
       Petrify           |       |     3 |       ||     3
       Stone Arrow       |       |     9 |     7 ||    16
Evoke: Wand              |       |       |     8 ||     8
  Use: Potion            |     1 |       |       ||     1
 Stab: Petrified         |       |     4 |       ||     4
Armor: Robe              |       |     2 |     4 ||     6
Dodge: Dodged            |     1 |     3 |     5 ||     9
Block: Buckler           |     2 |       |     6 ||     8

Table legend: (Time is in decaauts)
 A = Elapsed time spent in this place.
 B = Non-inter-level travel time spent in this place.
 C = Inter-level travel time spent in this place.
 D = Time resting spent in this place.
 E = Time spent auto-exploring this place.
 F = Levels seen in this place.
 G = Mean time per level.
                   A        B        C        D        E       F      G
               +--------+--------+--------+--------+--------+-----+--------+
         Total |    645 |    642 |      3 |    408 |     10 |   1 |  645.0 |
       Dungeon |    645 |    642 |      3 |    408 |     10 |   1 |  645.0 |
               +--------+--------+--------+--------+--------+-----+--------+

Top non-repeatable levels by time:
       D: 645 daAuts
